AoeStats
← Ejung15

Baltic

510655382Analyzed
2v2 RM · 19h ago on Oct 2, 2026· 42m 55s· 4 players
Game mode
Random Map
Map size
Medium (4 player)
Population
200
Speed
Normal
Resources
Standard
Victory
Conquest
Starting age
Dark Age
Ending age
Imperial Age
RankedLock teamsTeams togetherTeam positionsShared explorationLock speedFull tech treeHidden civsTurbo modeCheats
Victory
Defeat
🇺🇸 Persians · United States
1319
+16
🇦🇺 Britons · Australia
1156
+22
🇺🇸 Ethiopians · United States
1301
-19
🇺🇸 Lithuanians · United States
1301
-19
Andy_Sai Gon
11:07 Feudal Age
11:40 Double-Bit Axe
14:25 Loom
17:23 Castle Age
15:24 Gold Mining
16:54 Stone Mining
22:28 Elite Skirmisher
32:46 Fletching
34:57 Wheelbarrow
37:07 Horse Collar
39:31 Hand Cart
41:23 Padded Archer Armor
41:34 Forging
41:24 Scale Mail Armor
Spenturd
12:54 Feudal Age
16:25 Castle Age
14:35 Fishing Lines
14:46 Double-Bit Axe
14:54 Gold Mining
15:42 Loom
17:11 Bow Saw
16:51 Horse Collar
17:20 Stone Mining
18:14 Heavy Plow
19:55 Scale Barding Armor
22:02 Bloodlines
26:04 Wheelbarrow
28:36 Forging
28:59 Husbandry
29:20 Chain Barding Armor
29:59 Iron Casting
33:03 Imperial Age
31:21 Ballistics
32:49 Fletching
35:12 Plate Barding Armor
35:37 Blast Furnace
35:09 Devotion
35:10 Bodkin Arrow
35:48 Cavalier
36:51 Conscription
37:37 Hoardings
37:07 Savar
39:55 Chemistry
39:11 Masonry
39:12 Elite War Elephant
41:45 Two-Man Saw
42:54 Citadels
PaschalStorm725
5:12 Loom
9:56 Feudal Age
10:33 Double-Bit Axe
13:01 Fletching
14:57 Wheelbarrow
17:13 Padded Archer Armor
22:23 Castle Age
22:24 Crossbowman
23:01 Bodkin Arrow
23:25 Bow Saw
29:04 Ballistics
31:04 Hand Cart
30:34 Town Watch
32:08 Thumb Ring
36:44 Town Patrol
37:08 Squires
37:18 Scale Barding Armor
37:29 Leather Archer Armor
43:43 Imperial Age
Ejung15
6:38 Loom
9:07 Feudal Age
10:31 Double-Bit Axe
20:09 Castle Age
18:30 Bloodlines
18:38 Gold Mining
20:21 Scale Barding Armor
20:26 Forging
22:52 Husbandry
23:16 Chain Barding Armor
23:31 Iron Casting
23:24 Bow Saw
30:38 Iron Casting
31:43 Wheelbarrow
35:40 Pikeman
37:24 Scale Mail Armor
39:01 Chain Mail Armor
41:53 Imperial Age
40:52 Squires
42:35 Hand Cart
41:44 Light Cavalry
Connection lost

Rejoining the realm…

Still unreachable

The connection could not be restored.

Session expired

The server has moved on; the page needs a fresh start.